 Dungeon Crawl Stone Soup version 0.28-a0-691-gad6df49e81 (webtiles) character file.

Game seed: 4772249004392600321

91 porpoise the Conjurer (level 4, 0/24 HPs)
             Began as a Deep Elf Conjurer on Oct 23, 2021.
             Slain by Edmund (11 damage)
             ... on level 4 of the Dungeon.
             The game lasted 00:10:00 (3229 turns).

porpoise the Conjurer (Deep Elf Conjurer)           Turns: 3229, Time: 00:10:00

Health: 0/24       AC:  3    Str:  4    XL:     4   Next: 33%
Magic:  8/12       EV: 12    Int: 24    God:
Gold:   70         SH:  0    Dex: 13    Spells: 1/12 levels left

rFire   . . .      SeeInvis .   b - +0 hunting sling
rCold   . . .      Faith    .   (no shield)
rNeg    . . .      Spirit   .   g - +0 robe
rPois   .          Reflect  .   n - +0 helmet
rElec   .          Harm     .   (no cloak)
rCorr   .          Rampage  .   (no gloves)
Will    .....                   (no boots)
Stlth   ++........              (no amulet)
HPRegen 0.08/turn               (no ring)
MPRegen 0.13/turn               (no ring)

@: no status effects
A: no striking features
a: no special abilities


You were on level 4 of the Dungeon.
You visited 1 branch of the dungeon, and saw 4 of its levels.

You collected 70 gold pieces.

Inventory:

Hand Weapons
 a - a +0 whip of venom
 b - a +0 hunting sling (weapon)
Missiles
 c - 136 stones (quivered ammo)
 s - a throwing net
Armour
 g - a +0 robe (worn)
 n - a +0 helmet (worn)
Jewellery
 i - a ring of fire
Scrolls
 d - a scroll of amnesia {unknown}
 h - a scroll of teleportation
 p - a scroll of fog {unknown}
 r - a scroll of fear {unknown}
Potions
 e - a potion of might {unknown}
 f - 3 potions of attraction {unknown}
 j - a potion of magic {unknown}
 k - 2 potions of brilliance {unknown}
 l - 2 potions of curing {unknown}
 m - a potion of invisibility {unknown}
 o - a potion of haste {unknown}
 q - a potion of lignification {unknown}


   Skills:
 - Level 2.4 Dodging
 - Level 2.4 Stealth
 + Level 4.9 Spellcasting
 - Level 5.3 Conjurations
 + Level 1.1 Hexes


You had one spell level left.
You knew the following spells:

 Your Spells              Type           Power      Damage    Failure   Level
a - Magic Dart            Conj           100%       1d8       1%          1
b - Searing Ray           Conj           62%        2d6       1%          2
c - Iskenderun's Mystic   Conj/Tloc      18%        2d6       30%         4
d - Fulminant Prism       Conj/Hex       10%        3d9       22%         4

Your spell library contained the following spells:

 Spells                   Type           Power      Damage    Failure   Level
 Dazzling Flash           Conj/Hex       42%        N/A       7%          3


Dungeon Overview and Level Annotations

Branches:
Dungeon (4/15)
 Temple: D:4-7

Altars:

Annotations:
D:3 dig
D:4 Edmund


Message History

Magic restored.
You start waiting.
Done waiting.
You see here a +0 club.
Items here: ))) [[ †.
Okay, then.
Unknown command.
c - 133 stones (gained 1)
c - 134 stones (gained 1)
Found 12 gold pieces.
c - 136 stones (gained 2)
You now have 70 gold pieces (gained 12).
Edmund the Younger comes into view.
He is wielding a +2 vorpal dire flail.
Casting: Searing Ray (safe; 1% risk of failure)
Confirm with . or Enter, or press ? or * to list all spells.
Okay, then.
Unknown command.
You aren't carrying any items that you can evoke.
Unknown command.
Unknown command.
Press: ? - help, . - travel You can't see that place. [the floor.] Edmund shouts!
Casting: Searing Ray (safe; 1% risk of failure)
Confirm with . or Enter, or press ? or * to list all spells.
Aiming: Searing Ray (safe; 1% risk of failure)
Press: ? - help, Shift-Dir - straight line, f - Edmund
Aim: Edmund, wielding a +2 vorpal dire flail and wearing a +0 ring mail (82% to hit)
The searing ray hits Edmund!
Edmund is lightly wounded. (Press . to maintain the ray.)
The searing ray hits Edmund!
Edmund is heavily wounded.
Edmund hits you with a +2 vorpal dire flail!
Ouch! That really hurt!
The searing ray hits Edmund.
Edmund is heavily wounded.
Edmund hits you with a +2 vorpal dire flail!
You die...

#.. #.. ##### #.#
#.$. # . #.#
##########.###....
.##.#
#........@@.......
.##.#
##....#.###.......
.##.#####....#.#
.....$.
.#.............#
.......
....#####....###
###.... ....#
#....# ##.. ....#
#....# . ....#
#....# ....#
######


You could see Edmund.

Vanquished Creatures
  A white imp (D:3)
  A worm (D:2)
  A dart slug (D:1)
  5 orcs (D:4)
  7 ball pythons
  9 endoplasms
  5 giant cockroaches
  5 goblins
  6 hobgoblins
  5 jackals (D:2)
  4 kobolds
  2 quokkas
  11 bats
  2 rats (D:2)
64 creatures vanquished.

Notes
Turn   | Place    | Note
-------+----------+-------------------------------------------
     0 | D:1      | porpoise the Deep Elf Conjurer began the quest for the Orb.
     0 | D:1      | Reached XP level 1. HP: 10/10 MP: 6/6
   223 | D:1      | Reached XP level 2. HP: 15/15 MP: 5/8
   253 | D:1      | Learned a level 2 spell: Searing Ray
  1090 | D:2      | Reached skill level 5 in Conjurations
  1090 | D:2      | Reached XP level 3. HP: 19/19 MP: 6/10
  1348 | D:2      | You fall into a shaft and drop 1 floor!
  2019 | D:2      | Reached XP level 4. HP: 24/24 MP: 9/12
  2024 | D:2      | Learned a level 4 spell: Iskenderun's Mystic Blast
  2029 | D:2      | Learned a level 4 spell: Fulminant Prism
  2570 | D:3      | Found a faded altar of an unknown god.
  3028 | D:4      | Reached skill level 1 in Hexes
  3223 | D:4      | Noticed Edmund
  3229 | D:4      | Slain by Edmund

Illustrated notes

Levels and vault maps discovered:
D:1:      lightli_arrival_maybe_door_vault, layout_rooms,
          minmay_misc_feat_columns
D:2:      layout_loops_ring, minmay_tetromino_l4
D:3:      layout_rooms, chequers_ecumenical_altar_simple, due_unseen_surprise
D:4:      layout_basic, cheibrodos_ashenzari_chains, uniq_natasha, uniq_edmund,
          uniq_crazy_yiuf_cottage

Skill      XL: |  1  2  3  4 |
---------------+-------------+-----
Spellcasting   | 4 |  4.9
Conjurations   | 5 |  5.3
Hexes          | 1 |  1.1
Dodging        | |  2.4
Stealth        | |  2.4

Action                   |  1- 3 |  4- 6 || total
-------------------------+-------+-------++-------
 Fire: Hunting sling     |    16 |     6 ||    22
 Cast: Magic Dart        |    41 |    12 ||    53
       Searing Ray       |    21 |     8 ||    29
  Use: Scroll            |       |     1 ||     1
Dodge: Dodged            |     9 |     2 ||    11

Table legend: (Time is in decaauts)
 A = Elapsed time spent in this place.
 B = Non-inter-level travel time spent in this place.
 C = Inter-level travel time spent in this place.
 D = Time resting spent in this place.
 E = Time spent auto-exploring this place.
 F = Levels seen in this place.
 G = Mean time per level.
                   A        B        C        D        E       F      G
               +--------+--------+--------+--------+--------+-----+--------+
         Total |   3233 |   3105 |    128 |   1258 |   1485 |   4 |  808.2 |
       Dungeon |   3233 |   3105 |    128 |   1258 |   1485 |   4 |  808.2 |
               +--------+--------+--------+--------+--------+-----+--------+

Top non-repeatable levels by time:
     D:2: 1252 daAuts
     D:1: 928 daAuts
     D:3: 611 daAuts
     D:4: 440 daAuts
